[Event "Early-Titled-Tuesday-Blitz-January-16-2024"]
[Site "Chess.com"]
[Date "2024.01.16"]
[Round "9"]
[White "carloseduar100"]
[Black "lasRojas"]
[Result "0-1"]
[WhiteElo "2266"]
[BlackElo "2499"]
[TimeControl "180+1"]
[EndTime "9:48:46 PST"]
[Termination "lasRojas won on time"]

1. g3 d5 2. Bg2 e5 3. b4 c6 4. Bb2 Nd7 5. a3 Ngf6 6. Nf3 Bd6 7. O-O O-O 8. d3 Re8 9. c4 b6 10. Nbd2 Bb7 11. e3 a5 12. Qb3 Qe7 13. bxa5 Rxa5 14. a4 Nc5 15. Qc2 Rea8 16. cxd5 Nxd5 17. Nc4 Nb4 18.
Qc3 Nd5 19. Qc2 Rxa4 20. Nxd6 Rxa1 21. Rxa1 Rxa1+ 22. Bxa1 Qxd6 23. Bxe5 Qe6 24. Bd4 Nd7 25. Qb2 c5 26. Bxg7 Qg6 27. Be5 Qxd3 28. Qa1 Qa6 29. Bf1 Qxa1 30. Bxa1 Bc6 31. e4 Nb4 32. Nd2 b5 33. f4 c4 34. e5 Nc2 35. Bb2 Ne3 36. Be2 Nd5 37. Nxc4 bxc4 38. Bxc4 N7b6 39. Ba2 Nb4 40. Bb3 Bd5 41. Bxd5 N6xd5 42. Kg2 Nd3 43. Bd4 Kf8 44. Kf3 N3b4 45. g4 Kg7 46. h4 Nc6 47. Ba1 Kg8 48. h5 h6 49. g5 hxg5 50. fxg5 Nde7 51. Ke4 Nd8 52. Bd4 Nec6 0-1

[Event "Early-Titled-Tuesday-Blitz-January-16-2024"]
[Site "Chess.com"]
[Date "2024.01.16"]
[Round "9"]
[White "andrzej"]
[Black "CFN_Good_Evening"]
[Result "1-0"]
[WhiteElo "2377"]
[BlackElo "1893"]
[TimeControl "180+1"]
[EndTime "9:48:46 PST"]
[Termination "andrzej won by resignation"]

1. e4 c5 2. Nf3 d6 3. d4 cxd4 4. Nxd4 Nf6 5. Nc3 a6 6. Be3 e5 7.
Nb3 Be6 8. h3 Be7 9. Qf3 b5 10.
O-O-O Nbd7 11. g4 Nb6 12. Nc5 Qc7 13. Nxe6 fxe6 14. g5 Nfd7 15. Qg4 Nf8 16. f4 exf4 17. Bxf4 e5 18. Be3 Nfd7 19. Qe6 Nc5 20. Bxc5 Qxc5 21. g6 hxg6 22. Qxg6+ Kd7 23. h4 Rac8 24. Bh3+ Kc7 25. Bxc8 Rxc8 26. Qxg7 Kd7 27. Kb1 b4 28. Qg4+ Kd8 29.
Nd5 Qxc2+ 30. Ka1 Na4 31. Qg8+ Kd7 32. Qg4+ Ke8 33. Rb1 Rc5 34. Nxb4 Qc4 35. Nd5 Rxd5 36. Qg8+ Kd7 37. Qxd5 Qxd5 38. exd5 Bf6 39. h5 e4 40. h6 a5 41. Rhf1 Bd4 42. Rf7+ Ke8 43.
Rf4 Nc5 44. Re1 Kd8 45. Rfxe4 Nxe4 46. Rxe4 Bh8 47. Rg4 Kc7 48. Rg7+ 1-0

[Event "Early-Titled-Tuesday-Blitz-January-16-2024"]
[Site "Chess.com"]
[Date "2024.01.16"]
[Round "9"]
[White "starworld123"]
[Black "ylr5000"]
[Result "1-0"]
[WhiteElo "2846"]
[BlackElo "2479"]
[TimeControl "180+1"]
[EndTime "9:48:47 PST"]
[Termination "starworld123 won on time"]

1. Nf3 c5 2. e3 Nf6 3. d4 cxd4 4.
exd4 g6 5. c3 Bg7 6. Be2 O-O 7.
O-O b6 8. Ne5 Bb7 9. Bf3 Qc7 10.
Na3 d6 11. Nd3 Nbd7 12. Re1 Rfe8 13. Bf4 a6 14. Nc2 Rac8 15. Bg3 Qb8 16. a4 Qa8 17. Bxb7 Qxb7 18. Qd2 Ne4 19. Qe3 Nxg3 20. Qxg3 Nf6 21. Re2 Rc7 22. Rae1 Rec8 23. Ndb4 d5 24. Qd3 Ra8 25.
Ne3 e6 26. g3 Bf8 27. Nec2 b5 28. a5 Rac8 29. Qd1 Bxb4 30. Nxb4 Rc4 31. Nd3 Qc7 32. Qa1 Nd7 33. h4 Ra4 34. Qc1 Qxa5 35. h5 Qd8 36. b3 Rxd4 37. cxd4 Rxc1 38. Rxc1 Kg7 39. Rec2 gxh5 40. Rc7 a5 41. Ra7 a4 42. bxa4 bxa4 43. Rcc7 Nf6 44. Rxf7+ Kg6 45. Nf4+ Kf5 46. Nxh5 Ke4 47. Nxf6+ Kxd4 48. Rxa4+ Kd3 49. Ng4 Qb8 50. Rf3+ Kc2 51. Ra2+ Kb1 52. Re2 Qb4 53. Rd3 Kc1 54. Ne3 1-0

[Event "Early-Titled-Tuesday-Blitz-January-16-2024"]
[Site "Chess.com"]
[Date "2024.01.16"]
[Round "9"]
[White "bancsoo"]
[Black "Seochesspie"]
[Result "1/2-1/2"]
[WhiteElo "2931"]
[BlackElo "2824"]
[TimeControl "180+1"]
[EndTime "9:48:48 PST"]
[Termination "Game drawn - insufficient material"]

1. Nf3 d5 2. g3 Nc6 3. d4 Bf5 4.
Bg2 Nb4 5. Na3 e6 6. O-O Nc6 7. Nb1 Nb4 8. Ne1 Nf6 9. c3 Nc6 10. Bg5 Be7 11. Nd2 O-O 12. Bxf6 Bxf6 13. e4 dxe4 14.
Nxe4 Be7 15. Nd3 Rb8 16. Qe2 Bd6 17. Rad1 Ne7 18. h4 c6 19. Rfe1 Nd5 20. Ne5 h6 21. c4 Nf6 22. Nxf6+ gxf6 23. Ng4 Kg7 24. Ne3 Bg6 25.
d5 cxd5 26. cxd5 Qe7 27. dxe6 fxe6 28. Nc4 Bb4 29. Qxe6 Qxe6 30. Rxe6 Rfd8 31. Rxd8 Rxd8 32. Bxb7 Rd1+ 33. Kg2 Bf7 34. Re4 Rd7 35. Ba8 Bc5 36. b4 Bxb4 37. Ne5 fxe5 38. Rxb4 Bxa2 39. Be4 Bf7 40.
Kf3 a5 41. Rb5 Ra7 42. Bd5 Bxd5+ 43. Rxd5 Kf6 44. Ke4 a4 45. Rd6+ Kg7 46. Kxe5 a3 47.
Rd1 a2 48. Ra1 Ra3 49. Kd4 Kg6 50. Kc4 Kf5 51. Kb4 Ra8 52. Kb3 Rb8+ 53. Kxa2 Kg4 54.
Rb1 Ra8+ 55. Kb3 Kf3 56. Rb2 h5 57. Kc3 Rd8 58. Rd2 Rxd2 59. Kxd2 Kxf2 60. Kd1 Kxg3 61. Ke2 Kxh4 62. Kf1 Kg5 63. Kg1 Kf6 64. Kh1 Ke7 65.
Kg1 Kd8 66. Kh1 Kc7 67. Kg1 Kb8 68. Kh1 Ka7 69. Kh2 Kb6 70. Kh3 Ka7 71. Kh4 Kb8 72.
Kxh5 1/2-1/2

[Event "Early-Titled-Tuesday-Blitz-January-16-2024"]
[Site "Chess.com"]
[Date "2024.01.16"]
[Round "9"]
[White "Matrix3x3a"]
[Black "slorovel"]
[Result "1-0"]
[WhiteElo "2465"]
[BlackElo "2556"]
[TimeControl "180+1"]
[EndTime "9:48:49 PST"]
[Termination "Matrix3x3a won by resignation"]

1. d4 Nf6 2. c4 g6 3. Nc3 Bg7 4. e4 d6 5. Be2 O-O 6. Be3 Nc6 7. d5 Ne5 8. h3 c6 9. f4 Ned7 10. Nf3 cxd5 11. cxd5 b5 12. a3 a5 13. Bxb5 Rb8 14. Qe2 Nc5 15. Bxc5 dxc5 16. O-O Nh5 17. Qc4 Nxf4 18.
Qxc5 Bd7 19. Bxd7 Qxd7 20. Rab1 Rfc8 21. Qe3 e5 22. dxe6 Nxe6 23. Nd5 Rc2 24. b3 Qd6 25. b4 axb4 26. axb4 Ra8 27. Rfc1 Rac8 28. Rxc2 Rxc2 29.
Rc1 Rxc1+ 30. Qxc1 h6 31. Qc4 Kh7 32. b5 Nf4 33.
Nxf4 Qxf4 34. b6 Qe3+ 35. Kh2 Qxb6 36. Qxf7 Qd6+ 37. e5 Qb8 38. Qf4 Kh8 39. Qg3 Qe8 40.
Kg1 Qe6 41. Kh2 Kh7 42. Kg1 Bf8 43. h4 Bc5+ 44. Kh2 Be3 45. Qh3 Qe7 46. Qg3 Bb6 47. Kh3 Bc7 48. Qg4 Bxe5 49. h5 gxh5 50. Qf5+ Kg7 51.
Qxe5+ Qxe5 52. Nxe5 Kf6 53. Nf3 Kf5 54. Kh4 Kf4 55.
Ng1 Ke3 56. g3 Kf2 57. Nh3+ Kf3 58. Nf4 Ke4 59. Nxh5 Kf5 60. Nf4 Kf6 61. Nh5+ Kg6 62. Nf4+ Kh7 63. Kh5 Kg7 64. g4 Kh7 65. Ng2 Kg7 66. Nh4 Kh7 67. Nf5 1-0

[Event "Early-Titled-Tuesday-Blitz-January-16-2024"]
[Site "Chess.com"]
[Date "2024.01.16"]
[Round "9"]
[White "Malikova777"]
[Black "Juicy_Fork"]
[Result "1-0"]
[WhiteElo "2312"]
[BlackElo "2407"]
[TimeControl "180+1"]
[EndTime "9:48:49 PST"]
[Termination "Malikova777 won by checkmate"]

1. d4 Nf6 2. c4 g6 3. Nc3 Bg7 4. e4 d6 5. Be2 O-O 6. Be3 e5 7.
d5 Na6 8. g4 Nc5 9. f3 a5 10.
g5 Ne8 11. h4 c6 12. h5 cxd5 13.
cxd5 Bd7 14. Qd2 a4 15. Nh3 Qa5 16. Nf2 b5 17. Ncd1 b4 18. Nd3 Nxd3+ 19. Bxd3 f5 20. gxf6 Nxf6 21. hxg6 hxg6 22. Bh6 Rf7 23. Qg5 b3+ 24. Nc3 a3 25. axb3 Qd8 26. Rxa3 Rxa3 27. bxa3 Qe7 28. Qxg6 Be8 29. Bg5 Qc7 30. Kd2 Qxc3+ 31.
Kxc3 Rc7+ 32. Kd2 Bxg6 33. b4 Nd7 34. b5 Nc5 35. Rb1 Rb7 36. Bc4 Be8 37. Rb4 Kf7 38. a4 Bf6 39. Be3 Bd8 40. Rb1 Ba5+ 41. Ke2 Ke7 42.
Ra1 Bf7 43. Bxc5 dxc5 44. Kd3 Kd6 45. Bb3 Rb8 46. Rh1 Rg8 47. Rh6+ Rg6 48. Rh7 Rf6 49. Bd1 Kd7 50. Kc4 Kd6 51. Be2 Bb6 52. Bd1 Rxf3 53. Bxf3 Bg6 54. Rh6 Kc7 55. Rxg6 Ba5 56. Rc6+ Kb7 57. Ra6 Bb4 58. d6 Kc8 59. Rc6+ Kd7 60.
Rxc5 Kxd6 61. Kxb4 Ke6 62. Rd5 Kf6 63. Bg4 Kg5 64.
Bf5 Kf4 65. b6 Kg3 66. b7 Kf2 67. b8=Q Kg1 68. Qxe5 Kf1 69. Qf4+ Ke2 70. Rd2+ Ke1 71. Qf2# 1-0

[Event "Early-Titled-Tuesday-Blitz-January-16-2024"]
[Site "Chess.com"]
[Date "2024.01.16"]
[Round "9"]
[White "mishanick"]
[Black "KuzubovYuriy"]
[Result "1-0"]
[WhiteElo "3086"]
[BlackElo "2889"]
[TimeControl "180+1"]
[EndTime "9:48:50 PST"]
[Termination "mishanick won by resignation"]

1. d4 g6 2. e4 Bg7 3. Nc3 d6 4. f4 Na6 5. Nf3 Bg4 6. Be2 c5 7. d5 Nc7 8. O-O Nf6 9. h3 Bxf3 10. Bxf3 Nd7 11. a4 a6 12. a5 Nb5 13. Ne2 c4 14. Ra4 c3 15. b3 O-O 16. Be3 e6 17. dxe6 fxe6 18. Bg4 Qe7 19. Rc4 Kh8 20. Bf2 Rad8 21.
Qd3 d5 22. exd5 exd5 23. Qxd5 Ne5 24. Qc5 Qxc5 25. Bxc5 Nxc4 26. Bxf8 Ne3 27. Bxg7+ Kxg7 28.
Rf3 Rd1+ 29. Kf2 Nxg4+ 30. hxg4 Rd2 31. Rd3 Rxc2 32. Ke3 Kf6 33. g5+ Ke6 34. g4 Ke7 35. b4 Rb2 36. Nxc3 Nxc3 37. Rxc3 Rxb4 38. Rc7+ Ke6 39. Rxh7 Rb3+ 40. Ke4 Rb4+ 41. Kf3 Rb3+ 42. Kf2 Rb4 43. Kg3 Rb3+ 44. Kh4 Rf3 45. Rxb7 Rxf4 46. Rb6+ Kf7 47. Rxa6 Ra4 48. Rf6+ Kg7 49. a6 Ra3 50. Rb6 Kf8 51. Rxg6 Kf7 52. Rb6 Kg7 53. g6 Ra5 54. Rc6 Ra4 55. Kh5 Ra2 56. Rc7+ Kf6 57. g5+ Kf5 58. Rf7+ Ke6 59. a7 Ke5 60. g7 1-0

[Event "Early-Titled-Tuesday-Blitz-January-16-2024"]
[Site "Chess.com"]
[Date "2024.01.16"]
[Round "9"]
[White "CaspiIsrael"]
[Black "GMSrinath"]
[Result "0-1"]
[WhiteElo "2651"]
[BlackElo "2826"]
[TimeControl "180+1"]
[EndTime "9:48:51 PST"]
[Termination "GMSrinath won by resignation"]

1. e4 c5 2. Nf3 d6 3. d4 cxd4 4. Nxd4 Nf6 5. Nc3 Nc6 6. f3 e5 7. Nb3 Be7 8. Be3 Be6 9. Qe2 O-O 10. O-O-O Qc8 11. Kb1 a5 12. Na4 Nd7 13. c4 Nb4 14. a3 Qc6 15. Nc3 a4 16. Nd2 Na6 17. Nd5 Bxd5 18. cxd5 Qc7 19. Qb5 Nac5 20. Rc1 Rfc8 21. g3 Qd8 22. Bh3 Ra5 23. Qb4 b6 24. Rc3 Raa8 25.
Rhc1 Rcb8 26. Ka2 Ra5 27. Nc4 Na6 28. Qxa5 bxa5 29. Bxd7 Qxd7 30. Nb6 Qb5 31. Rc8+ Bf8 32.
Rxb8 Nxb8 33. Rc3 Na6 34. f4 exf4 35. gxf4 f6 36. h4 Nc5 37. Bxc5 dxc5 38. Nc4 Qd7 39. Rd3 Qe8 40. Nd2 c4 41. Rc3 Bd6 42. Nxc4 Bxf4 43. Nxa5 Qxe4 44. Nc6 Qxd5+ 45. Kb1 Qe4+ 46. Ka2 h5 47. Nb4 Bd2 48. Rc8+ Kh7 49. Rb8 Qe6+ 50. Kb1 Qe1+ 51. Ka2 Qxh4 52. Rb5 Qc4+ 0-1

[Event "Early-Titled-Tuesday-Blitz-January-16-2024"]
[Site "Chess.com"]
[Date "2024.01.16"]
[Round "9"]
[White "VeraVujovic"]
[Black "RojonR"]
[Result "1-0"]
[WhiteElo "2241"]
[BlackElo "2546"]
[TimeControl "180+1"]
[EndTime "9:48:55 PST"]
[Termination "VeraVujovic won by checkmate"]

1. e4 b6 2. d4 Bb7 3. Nc3 Nf6 4. e5 Nd5 5. Nxd5 Bxd5 6. c4 Bb7 7. Nf3 e6 8. Be2 Be7 9. O-O O-O 10. Bf4 d6 11.
Bg3 dxe5 12. Nxe5 c5 13. dxc5 Bxc5 14. Qxd8 Rxd8 15. Rad1 Nd7 16. Rxd7 Rxd7 17. Nxd7 Bd4 18. Be5 Rd8 19. Bxd4 Rxd7 20. Bc3 Rc7 21. Rd1 Kf8 22. Rd8+ Ke7 23. Rd4 g6 24. Bb4+ Kf6 25. Bc3 Ke7 26.
b3 b5 27. Bb4+ Kf6 28. cxb5 Bd5 29. Bc4 Ke5 30. Bc3 Kd6 31. Rd3 Ke7 32. Bxd5 exd5 33. Bb4+ Ke6 34. g3 Rc2 35. Rd2 Rc1+ 36. Kg2 Rc7 37.
Re2+ Kf6 38. Bd6 Rb7 39. Be5+ Kf5 40. a4 Re7 41. f4 f6 42. Rd2 fxe5 43. Rxd5 Ke4 44.
Rxe5+ Rxe5 45. fxe5 Kxe5 46. a5 Kd5 47. b4 Kd6 48. Kf3 Kd5 49. Kf4 h6 50. h4 Ke6 51.
Ke4 Kd6 52. Kd4 Ke6 53. g4 h5 54. gxh5 gxh5 55. Kc5 Kf5 56. b6 Kg4 57. bxa7 Kxh4 58. a8=Q Kg3 59. Qh1 h4 60. a6 h3 61. a7 h2 62.
a8=Q Kh3 63. Qag2+ Kh4 64. Qhxh2# 1-0

[Event "Early-Titled-Tuesday-Blitz-January-16-2024"]
[Site "Chess.com"]
[Date "2024.01.16"]
[Round "9"]
[White "SashaKuzhilniy"]
[Black "Mistango"]
[Result "1/2-1/2"]
[WhiteElo "2661"]
[BlackElo "2504"]
[TimeControl "180+1"]
[EndTime "9:48:58 PST"]
[Termination "Game drawn by repetition"]

1. e3 e5 2. d4 d6 3. c4 Nc6 4.
Nf3 Nf6 5. Nc3 g6 6. Be2 Bg7 7. dxe5 Nxe5 8. Nxe5 dxe5 9. Qxd8+ Kxd8 10. b3 c6 11. Bb2 Bf5 12. O-O-O+ Kc7 13. h3 h5 14. Rd2 Rad8 15. Rhd1 h4 16. Na4 Ne4 17. Rxd8 Rxd8 18. Rxd8 Kxd8 19. f3 Ng3 20. Kd2 Nxe2 21.
Kxe2 f6 22. Nc5 b6 23. Ne4 Kd7 24. Ba3 Bxe4 25. fxe4 Ke6 26. Kf3 Bh6 27. Bb4 Kd7 28.
Be1 Bg5 29. Kg4 Bxe3 30. Bxh4 Ke6 31. Kf3 Bh6 32. g4 g5 33. Bf2 Bf8 34. a4 c5 35.
a5 bxa5 36. Be1 a4 37. bxa4 a6 38. Ba5 Be7 39. Kg3 Bf8 40. h4 Kd7 41. Kh3 Bg7 42. Bd2 Bh6 43. Kg2 Kc6 44. Kf3 Kb6 45. Ke2 a5 46. Kf3 Ka6 47. Kg2 Kb6 48. Be3 Kc6 49. Kh3 Kb6 50. Bd2 Ka6 51. Be1 Kb6 52. Bf2 Kc6 53.
Kg2 Kb6 54. Kf3 Kc6 55. Be3 Kb6 56. Ke2 Kc6 57. Kd3 Kb6 58. Ke2 Kc6 59. Ke1 Kb6 60. Kf1 Kc6 61. Kg2 Kb6 62. Kh3 Kc6 63. Bf2 Kb6 64. Kg2 Kc6 65. Be1 Kb6 66. Kf3 Ka6 67.
Bf2 Kb6 68. Be3 Kc6 69. Bd2 Kb6 70. Kg2 Ka6 71. Kh3 Kb6 72. Kh2 Ka6 73. Be3 Kb6 74. Kg2 Kc6 75. Kh3 Kb6 76. Bd2 Ka6 77. Kg2 Kb6 78. Be3 1/2-1/2

[Event "Early-Titled-Tuesday-Blitz-January-16-2024"]
[Site "Chess.com"]
[Date "2024.01.16"]
[Round "9"]
[White "CrushingKings"]
[Black "crazy_m_attack"]
[Result "0-1"]
[WhiteElo "2646"]
[BlackElo "2492"]
[TimeControl "180+1"]
[EndTime "9:48:59 PST"]
[Termination "crazy_m_attack won by resignation"]

1. Nf3 d5 2. g3 Nf6 3. Bg2 e6 4. O-O Be7 5. b3 O-O 6. c4 d4 7. e3 c5 8. Ne5 Nfd7 9. Nd3 Nc6 10.
exd4 cxd4 11. Ba3 e5 12. Re1 Re8 13. b4 a6 14. Qb3 Bf6 15. Bb2 Nf8 16. Na3 Bf5 17. Nc5 Qb6 18. Nxb7 Qxb7 19. b5 axb5 20. cxb5 e4 21. bxc6 Qxc6 22. Rac1 Qd7 23. Nc4 Reb8 24. Qd1 Rxa2 25. Ba1 Bg4 26. f3 exf3 27. Bxf3 Bxf3 28. Qxf3 h6 29. Qd3 Ne6 30. Ne3 Qb7 31. Ng4 Bg5 32. Re2 h5 33. Ne5 Qd5 34. Rf1 Rba8 35. Bc3 Qc5 36. Nd7 Qc6 37. Ne5 Qb6 38. Nc4 Qc5 39.
Bb2 Rxb2 40. Nxb2 Bf6 41. Nc4 Rc8 42. Nb2 Qb4 43. Nd1 Nc5 44. Qf5 Rd8 45. Nf2 d3 46. Ree1 Qxd2 47. Qxc5 Bd4 48. Qxh5 Bxf2+ 49. Rxf2 Qxe1+ 50.
Kg2 d2 51. Re2 Qxe2+ 52. Qxe2 d1=Q 53. Qf2 Rd2 54. Kh3 Rxf2 55. Kh4 Qd4+ 0-1

[Event "Early-Titled-Tuesday-Blitz-January-16-2024"]
[Site "Chess.com"]
[Date "2024.01.16"]
[Round "9"]
[White "PawnEatingZombie"]
[Black "AndresDelgado77"]
[Result "0-1"]
[WhiteElo "2152"]
[BlackElo "2387"]
[TimeControl "180+1"]
[EndTime "9:49:01 PST"]
[Termination "AndresDelgado77 won on time"]

1. e4 e6 2. d4 d5 3. exd5 exd5 4.
Bf4 c6 5. Nc3 Qb6 6. a3 Nf6 7.
Nf3 Bg4 8. Be2 Bxf3 9. Bxf3 Qxb2 10. Na4 Qb5 11. c3 Qa5 12. O-O Be7 13. Re1 Nbd7 14. Rb1 b5 15. Qe2 O-O 16. Qxe7 Qxa4 17. Qb4 Qxb4 18. axb4 Rfe8 19. Rxe8+ Nxe8 20. Ra1 Nb6 21. Ra6 Kf8 22. Bg4 g6 23. h4 f5 24. Be2 Ke7 25. f3 Kd7 26. g4 fxg4 27. fxg4 Na4 28. Bd2 Nd6 29. Bd1 Nb6 30. Ra1 Ne4 31. Be1 Nc4 32.
Ra2 Ne3 33. Bf3 Re8 34. Rxa7+ Kd6 35. Rxh7 Nc4 36. Rh6 Nf6 37. Rxg6 Rxe1+ 38. Kf2 Re6 39. g5 Ke7 40. Rxf6 Kd6 41. Rxe6+ Kxe6 42. h5 Kf5 43. h6 Kg6 44. Bh5+ Kh7 45. Bf7 Nd6 46. Be6 Ne4+ 47. Kf3 Nxg5+ 48. Kg4 Ne4 49. Kf5 Nxc3 50. Ke5 Na2 51. Kd6 Nxb4 52. Kc5 Nc2 53. Kxc6 Nxd4+ 54. Kxd5 Nxe6 55. Kc6 Nc7 56. Kc5 Kxh6 0-1

[Event "Early-Titled-Tuesday-Blitz-January-16-2024"]
[Site "Chess.com"]
[Date "2024.01.16"]
[Round "9"]
[White "inneremptiness"]
[Black "jk13"]
[Result "1-0"]
[WhiteElo "2885"]
[BlackElo "2694"]
[TimeControl "180+1"]
[EndTime "9:49:03 PST"]
[Termination "inneremptiness won by resignation"]

1. e4 e5 2. Nf3 Nc6 3. d4 exd4 4. Nxd4 Bb4+ 5. c3 Bc5 6. Be3 Bb6 7. Nf5 Bxe3 8. Nxe3 Nge7 9. Bc4 O-O 10. O-O d6 11. Nd2 Be6 12. Bxe6 fxe6 13. Qb3 Qc8 14. f4 Kh8 15.
Rae1 Qd7 16. g3 d5 17. Nf3 Qd6 18. Ng5 Rad8 19. e5 Qd7 20. Qc2 g6 21. Ng4 Ng8 22.
Qg2 Nce7 23. Ne3 Nf5 24. Nxf5 Rxf5 25. Nf3 c5 26. Rd1 Rff8 27. Qh3 Ne7 28. Ng5 Nf5 29. g4 Nd6 30. exd6 Rf6 31. Rde1 Rdf8 32. Qh6 Kg8 33.
Re5 d4 34. cxd4 cxd4 35. Qh3 d3 36. Qxd3 Rxf4 37. Rxf4 Rxf4 38. h3 Rf6 39. Ne4 Rf4 40. Ng5 Rf6 41. Re1 Kg7 42. Qd4 e5 43. Qxe5 Qxd6 44.
Qxd6 Rxd6 45. h4 Rd7 46. Re2 h6 47. Nf3 Rf7 48. Kg2 Rf4 49. Kg3 Rf7 50. Re6 Rc7 51.
g5 hxg5 52. hxg5 Rc2 53. Re7+ Kf8 54. Rxb7 a5 55. a4 Rc4 56. b3 Re4 57. Rb5 Re3 58. Kf4 Rd3 59. Ne5 Rd4+ 60. Ke3 Rh4 61. Nxg6+ Kg7 62. Nxh4 1-0

[Event "Early-Titled-Tuesday-Blitz-January-16-2024"]
[Site "Chess.com"]
[Date "2024.01.16"]
[Round "9"]
[White "Kirill_Klukin"]
[Black "Makswolf200817"]
[Result "1-0"]
[WhiteElo "2864"]
[BlackElo "2663"]
[TimeControl "180+1"]
[EndTime "9:49:03 PST"]
[Termination "Kirill_Klukin won on time"]

1. e4 e6 2. d3 d5 3. Nd2 Nf6 4.
Ngf3 Be7 5. g3 a5 6. Bg2 a4 7.
O-O a3 8. b3 O-O 9. Qe2 h6 10.
Re1 Nc6 11. c3 d4 12. cxd4 Nxd4 13. Nxd4 Qxd4 14. Rb1 Rd8 15. Bf1 e5 16. Nf3 Qd6 17. d4 Nd7 18. dxe5 Nxe5 19. Nxe5 Qxe5 20. Bf4 Qa5 21.
Qc2 c6 22. Bc4 Bg4 23. Be2 Bxe2 24. Qxe2 Bf6 25. Kg2 Rd7 26. Bxh6 Bc3 27. Rf1 Rad8 28. Be3 Qb4 29. Qf3 Re8 30. Rbd1 Rde7 31. Rd3 Bf6 32. Rfd1 Qxe4 33. Rd7 Rxd7 34. Rxd7 Qb1 35. Qe2 b5 36. h4 Bb2 37. Qf3 Bf6 38. Rd2 Qe4 39.
Qxe4 Rxe4 40. Rc2 Re6 41. Bc1 Be7 42. Bd2 f5 43. Kf3 g6 44. Bc1 Kf7 45. Be3 Rd6 46. Bc5 Rd1 47. Bxe7 Kxe7 48. Rxc6 Rd2 49. Rb6 Rxa2 50.
Rxb5 Rb2 51. Kg2 Kf6 52. b4 a2 53. Ra5 Kg7 54. Kf3 Kh6 55. Ra6 Kh5 56. Kg2 1-0

[Event "Early-Titled-Tuesday-Blitz-January-16-2024"]
[Site "Chess.com"]
[Date "2024.01.16"]
[Round "9"]
[White "hongnhung1234"]
[Black "ValentinDragnev"]
[Result "0-1"]
[WhiteElo "2574"]
[BlackElo "2772"]
[TimeControl "180+1"]
[EndTime "9:49:05 PST"]
[Termination "ValentinDragnev won by checkmate"]

1. e4 c5 2. Nc3 e6 3. Nf3 Nc6 4.
d4 cxd4 5. Nxd4 Qc7 6. Be3 a6 7. Qd2 Nf6 8. f3 b5 9. O-O-O Bb7 10.
g4 Be7 11. h4 b4 12. Nce2 Ne5 13. h5 Nc4 14. Qd3 Nxe3 15. Qxe3 d6 16. g5 Nd7 17. Bh3 Ne5 18. Kb1 Qc5 19. Qb3 a5 20. Qa4+ Bc6 21.
Nxc6 Qxc6 22. Qb3 a4 23. Qxb4 O-O 24. Nd4 Qc7 25. g6 Rfb8 26. gxf7+ Kh8 27. Nxe6 Qa7 28. Qd4 Qa5 29. f4 Rb4 30. Qd5 Rb5 31. Qxa8+ Qxa8 32. Nc7 Rxb2+ 33. Kxb2 Qb7+ 34. Ka1 Nc4 35. Rb1 Qxc7 36. c3 Nd2 37. Rbc1 Bf8 38. Rhe1 Qxf7 39. Bf5 Qc4 40. Rc2 Nf3 41. Rd1 Qc5 42. Rd5 Qg1+ 43. Kb2 a3+ 44. Kxa3 Qa7+ 45. Kb2 Ne1 46. Re2 Qb6+ 47. Kc1 Nf3 48. Rd3 Qg1+ 49. Kb2 Qf1 50. Ree3 Ne1 51. Rd4 Qf2+ 52. Ka3 Qxe3 53. Rc4 d5+ 54.
Rb4 Qxc3+ 55. Ka4 Qxb4# 0-1

[Event "Early-Titled-Tuesday-Blitz-January-16-2024"]
[Site "Chess.com"]
[Date "2024.01.16"]
[Round "9"]
[White "Alexchess1984"]
[Black "anasta10"]
[Result "1-0"]
[WhiteElo "2681"]
[BlackElo "2514"]
[TimeControl "180+1"]
[EndTime "9:49:05 PST"]
[Termination "Alexchess1984 won on time"]

1. e4 g6 2. d4 Bg7 3. Nf3 d6 4. c3 a6 5. Bd3 Nf6 6. O-O O-O 7. Re1 c5 8. h3 Nc6 9. d5 Na7 10. a4 e6 11. dxe6 Bxe6 12. Nbd2 Nc6 13. Nf1 d5 14. e5 Nd7 15. Bf4 Re8 16. Ng3 Qc7 17. Qe2 Rad8 18. Rad1 Qa5 19. Bc2 b5 20. axb5 axb5 21.
Ra1 Qb6 22. Qd2 b4 23. Ba4 Rb8 24. Bxc6 Qxc6 25. Bh6 bxc3 26. bxc3 Bh8 27. Qg5 Ra8 28. Nh5 Qc7 29. Rxa8 Rxa8 30. Qh4 d4 31. cxd4 c4 32.
Bg5 Bd5 33. Nf6+ Nxf6 34. Bxf6 Bxf3 35. Bxh8 Kxh8 36. Qf6+ Kg8 37. Qxf3 Re8 38. d5 Rxe5 39. Ra1 Re8 40. Qc3 Rc8 41. Rd1 Qd6 42. Rd4 h5 43. Rxc4 Re8 44. Rd4 Re5 45. Qc8+ Kh7 46. g3 Re1+ 47. Kg2 Re5 48. Qc4 Kg7 49. Qc3 Kh7 50.
Qd3 Kg7 51. h4 Kh7 52. Rf4 Kg7 53. Rd4 Kh7 54. Qd2 Kg7 55. Qf4 Kh7 56. Qxf7+ Kh6 57. Qf4+ Kg7 58. Kh2 1-0

[Event "Early-Titled-Tuesday-Blitz-January-16-2024"]
[Site "Chess.com"]
[Date "2024.01.16"]
[Round "9"]
[White "Manukyan_Artak"]
[Black "Korchmar_Vasiliy"]
[Result "1/2-1/2"]
[WhiteElo "2556"]
[BlackElo "2746"]
[TimeControl "180+1"]
[EndTime "9:49:06 PST"]
[Termination "Game drawn - insufficient material"]

1. e4 e6 2. d4 a6 3. c4 d5 4. exd5 exd5 5. Nc3 Nf6 6. Bg5 Bb4 7. Qb3 Nc6 8. Nf3 h6 9. cxd5 Nxd4 10. Nxd4 Bxc3+ 11. bxc3 hxg5 12. O-O-O O-O 13. h4 g4 14. h5 Qxd5 15. h6 gxh6 16. Qxd5 Nxd5 17. Kb2 Kg7 18. Bd3 c5 19. Nf5+ Bxf5 20. Bxf5 Nf6 21. f3 Rfe8 22. Rd2 Rad8 23. Rxd8 Rxd8 24. fxg4 Rd2+ 25.
Kb3 Rxg2 26. Kc4 Rxa2 27. Kxc5 Rb2 28. c4 a5 29. Bc8 b6+ 30. Kc6 Rb4 31. Ba6 Nxg4 32.
Rg1 f5 33. Bb5 a4 34. Kxb6 a3 35. Ra1 Rb3 36. c5 Ne5 37. c6 Nxc6 38. Kxc6 Kf6 39.
Bc4 Rc3 40. Kc5 Ke5 41. Kb4 Re3 42. Rxa3 Rxa3 43. Kxa3 Ke4 44. Kb2 Ke3 45. Kc1 h5 46. Kd1 Kf2 47. Kd2 h4 48. Bd5 f4 49. Kd3 f3 50.
Ke4 h3 51. Kf4 h2 52. Bxf3 h1=Q 53. Bxh1 1/2-1/2

[Event "Early-Titled-Tuesday-Blitz-January-16-2024"]
[Site "Chess.com"]
[Date "2024.01.16"]
[Round "9"]
[White "Balla_Tamas"]
[Black "hmatyi07"]
[Result "0-1"]
[WhiteElo "2452"]
[BlackElo "2234"]
[TimeControl "180+1"]
[EndTime "9:49:06 PST"]
[Termination "hmatyi07 won by checkmate"]

1. e3 Nf6 2. b3 g6 3. Bb2 Bg7 4. Nf3 O-O 5. d4 b6 6. Bd3 Bb7 7. Nbd2 d6 8. O-O Nbd7 9. e4 c5 10. e5 Ne8 11. Re1 cxd4 12. e6 fxe6 13. Nxd4 Bxd4 14.
Bxd4 e5 15. Bb2 Nef6 16. Nf3 e4 17. Rxe4 Nxe4 18. Bc4+ Rf7 19. Qd4 Nef6 20. Bxf7+ Kxf7 21. Ng5+ Kg8 22. Ne6 Qc8 23. Qh4 Qc6 24. f3 Qd5 25. Re1 Ne5 26. Ng5 Rc8 27. c4 Qd2 28. Bxe5 dxe5 29.
Rf1 Rd8 30. Kh1 Qe2 31. Rg1 Qxa2 32. Qh3 Bc8 33. Qg3 Qd2 34. Qxe5 Qd6 35. Qe3 Qd2 36. Qe5 Qd6 37. Qb2 Qd2 38. Qa3 Qxg5 39. Qxe7 Rf8 40. Qxa7 Qf4 41. Qxb6 Nh5 42. Re1 Bh3 43. Qf2 Bf5 44.
Qe2 Qh6 45. c5 Ng3+ 46. Kg1 Nxe2+ 47. Rxe2 Qc1+ 48. Kf2 Qxc5+ 49. Kg3 Qb4 50. Kf2 Qxb3 51. Kg3 Qf7 52. f4 Be6 53. Kf2 Qxf4+ 54. Ke1 Qf1+ 55.
Kd2 Rd8+ 56. Ke3 Qf5 57. g3 Qe5+ 58. Kf3 Qf5+ 59. Kg2 Rf8 60. g4 Qf3+ 61. Kg1 Qxe2 62. Kh1 Rf1# 0-1

[Event "Early-Titled-Tuesday-Blitz-January-16-2024"]
[Site "Chess.com"]
[Date "2024.01.16"]
[Round "9"]
[White "Jumbo"]
[Black "chenxiaoyuer"]
[Result "0-1"]
[WhiteElo "2917"]
[BlackElo "2756"]
[TimeControl "180+1"]
[EndTime "9:49:08 PST"]
[Termination "chenxiaoyuer won by resignation"]

1. d4 Nf6 2. c4 g6 3. g3 Bg7 4.
Bg2 O-O 5. Nf3 d6 6. Nc3 Bf5 7.
Qb3 Qc8 8. Nh4 Nc6 9. Nxf5 Qxf5 10.
Qd1 e5 11. d5 Nb8 12. e4 Qc8 13. O-O a5 14. f4 exf4 15. gxf4 Re8 16. Qf3 Nbd7 17. Be3 Nb6 18. b3 a4 19. Rab1 axb3 20.
axb3 Nbd7 21. Bh3 Qd8 22. Rfe1 Qe7 23. Bf2 Nh5 24. Nb5 Nc5 25. Bxc5 dxc5 26. e5 Bh6 27. f5 Qh4 28. Nxc7 Nf4 29. Bf1 gxf5 30. Nxe8 Rxe8 31.
Kh1 Kh8 32. Re3 Rg8 33. Rb2 Qg5 34. Qg3 Qh5 35. Qf3 Qh4 36. Rf2 Ng6 37. Qg3 Qd4 38. Ref3 Nxe5 39. Qh3 Nxf3 40. Qxf3 Be3 41. Rg2 Rxg2 42.
Kxg2 Bf4 43. Kh1 Qd2 44. Qe2 Qd4 45. Qf3 Kg7 46. Qg2+ Kf6 47. Qf3 Qd2 48. Qe2 Qxe2 49. Bxe2 Bd6 50. Kg2 Ke5 51. h3 Kd4 52. Bh5 f6 53.
Bf7 Kc3 54. Bg8 h6 55. Bh7 Kxb3 56. Bxf5 Kxc4 57. Kf3 Kd4 58. Ke2 b5 59. Kd2 c4 60.
Ke2 b4 61. Kd1 b3 0-1